Canucks vs Avalanche

Created - September-05-13 at 17:38

Simulating a Pre-Season

Goals
1 2 3 T
Canucks 1 0 0 1
Avalanche 0 0 2 2
Shots
1 2 3 T
Canucks 10 13 3 26
Avalanche 12 2 18 32

1st period

1. Canucks , Alex Pietrangelo 1 (Ryan OReilly) at 18:39

Penalties :
Jason Demers (COL) for High sticking (Minor) at 2:44, Scott Hartnell (VAN) for Roughing (Double Minor) at 6:37, Alexei Emelin (COL) for Hooking (Minor) at 13:50, Chris Stewart (COL) for Delaying the game (Minor) at 16:10

2nd period

No Goal

Penalties :
Scott Hartnell (VAN) for High sticking (Minor) at 2:00, John Carlson (COL) for Slashing (Minor) at 7:30, Cody Hodgson (COL) for Tripping (Minor) at 12:08, Alexei Emelin (COL) for Goalie Interference (Minor) at 13:12, Kevin Porter (COL) for Interference (Minor) at 14:51, Alexei Emelin (COL) for Tripping (Minor) at 16:48

3rd period

2. Avalanche , Derek Stepan 1 (Marian Hossa) at 6:48
3. Avalanche , Marcus Johansson 1 (Chris Stewart, Tyson Barrie) at 12:30

Penalties :
Erik Karlsson (VAN) for Cross-checking (Minor) at 0:23, Cam Fowler (VAN) for Holding (Minor) at 3:55, Johan Franzen (COL) for Boarding (Minor) at 6:50, Nazem Kadri (VAN) for Checking from behind (Major / Game Misconduct) at 6:50, Chris Stewart (COL) for Roughing (Minor) at 17:48

Goalie Stats

Henrik Lundqvist (VAN), 30 saves from 32 shots - (0.938), L, 0-1-0, 59:00 minutes
Antti Niemi (COL), 25 saves from 26 shots - (0.962), W, 1-0-0, 60:00 minutes

Players Stats for Canucks

Player Name              G  A  P  +/- PIM S  H  SB GA TA FO     MP     PP MP  PK MP  
------------------------------------------------------------------------------------
Alex Pietrangelo         1  0  1   1  0   5  0  1  0  0  0/0    26:55   9:04   6:13 
Brandon Sutter           0  0  0   0  0   0  0  1  0  0  10/16  10:39   0:00   7:09 
Cam Fowler               0  0  0  -1  2   0  2  0  0  0  0/0    15:33   7:30   0:00 
Corey Perry              0  0  0   0  0   1  2  0  0  0  0/2    16:33   8:13   0:00 
Dmitry Kulikov           0  0  0   1  0   0  6  1  0  0  0/0    15:07   0:00   5:58 
Erik Karlsson            0  0  0  -1  2   5  1  0  0  0  0/0    19:04   9:04   0:00 
Joe Pavelski             0  0  0   0  0   1  0  0  0  0  14/20  16:33   8:13   0:00 
Jonas Brodin             0  0  0  -1  0   0  1  0  0  0  0/0    15:26   0:00   6:23 
Justin Braun             0  0  0   0  0   0  2  0  0  0  0/0     4:01   0:00   0:45 
Lars Eller               0  0  0   0  0   0  0  1  0  0  2/4    17:09   0:55   6:55 
Matt Carle               0  0  0  -1  0   4  1  0  0  0  0/0    23:52   7:30   6:33 
Mikko Koivu              0  0  0  -1  0   2  0  0  0  0  14/27  19:23   8:21   0:00 
Nazem Kadri              0  0  0   0  15  1  2  0  0  0  0/0    18:37   7:26   0:12 
Phil Kessel              0  0  0  -1  0   3  0  0  0  0  1/2    19:23   8:21   0:00 
Ryan OReilly             0  1  1   0  0   2  0  1  0  0  6/11   20:06   8:13   5:14 
Scott Hartnell           0  0  0   0  6   1  2  0  0  0  2/2     7:37   0:00   0:00 
Tyler Seguin             0  0  0   0  0   1  0  0  0  0  0/2    11:33   0:00   4:54 
Valtteri Filppula        0  0  0  -1  0   0  2  0  0  0  0/0     7:29   0:00   1:28 

Players Stats for Avalanche

Player Name              G  A  P  +/- PIM S  H  SB GA TA FO     MP     PP MP  PK MP  
------------------------------------------------------------------------------------
Alexei Emelin            0  0  0   1  6   3  3  2  0  0  0/0    18:09   4:50   5:08 
Brayden Schenn           0  0  0   0  0   1  1  0  0  0  0/1     7:50   0:33   0:00 
Brian Gionta             0  0  0   0  0   3  0  0  0  0  0/0    17:14   0:00   9:57 
Chris Stewart            0  1  1   0  4   3  2  0  0  0  1/2    14:06   4:46   0:00 
Cody Hodgson             0  0  0   0  2   1  0  0  0  0  9/14   14:07   4:46   0:00 
Derek Stepan             1  0  1   1  0   9  5  0  0  0  22/49  27:26   7:37  10:38 
Drew Shore               0  0  0   0  0   0  0  0  0  0  2/8     7:17   0:00   0:00 
Jason Demers             0  0  0   0  2   0  0  2  0  0  0/0    15:16   0:33   3:09 
Johan Franzen            0  0  0   1  2   4  4  0  0  0  0/1    15:40   7:37   0:00 
John Carlson             0  0  0   0  2   2  1  2  0  0  0/0    26:08   7:33   7:42 
Justin Abdelkader        0  0  0   0  0   1  1  0  0  0  0/0     5:13   0:33   0:00 
Kevin Porter             0  0  0   0  2   0  3  0  0  0  2/9    10:03   0:33   4:50 
Kevin Shattenkirk        0  0  0   0  0   1  0  0  0  0  0/0    24:18   4:50   7:38 
Marcus Johansson         1  0  1   0  0   1  0  0  0  0  1/2    14:19   4:46   1:03 
Marian Hossa             0  1  1   1  0   3  0  1  0  0  0/0    22:10   7:37   5:22 
Michael Del Zotto        0  0  0   0  0   0  2  1  0  0  0/0    27:24   7:33   9:08 
Travis Moen              0  0  0   0  0   0  0  0  0  0  0/0     4:40   0:00   0:00 
Tyson Barrie             0  1  1   1  0   0  0  0  0  0  0/0     8:40   0:33   0:21 

3 Stars

1 - Derek Stepan (COL)
2 - Antti Niemi (COL)
3 - Alex Pietrangelo (VAN)

Power Play

Canucks - 0 on 9 Attempt(s) - 0.00%
Avalanche - 0 on 5 Attempt(s) - 0.00%

Penalty Kill

Canucks - 5 on 5 Attempt(s) - 100.00% - Score 0 goal in Penalty Kill
Avalanche - 9 on 9 Attempt(s) - 100.00% - Score 0 goal in Penalty Kill

Official

Referees : Kelly Sutherland and Mark Lemelin
Linesman : Ryan Galloway and Mark Wheler

Game Notes

Nazem Kadri ejected from game at 6:50 of 3rd period

% Time on Ice - Canucks

Lines # - Real PCT - Wanted PCT - Time Play
Normal Forward
1 - 38% - 35% - 10:50
2 - 29% - 30% - 8:20
3 - 23% - 26% - 6:39
4 - 9% - 9% - 2:30
Normal Defense
1 - 35% - 34% - 9:49
2 - 29% - 32% - 8:10
3 - 28% - 25% - 8:04
4 - 8% - 9% - 2:16
PP Forward
1 - 50% - 60% - 8:21
2 - 50% - 40% - 8:13
PP Defense
1 - 55% - 62% - 9:04
2 - 45% - 38% - 7:30
PK Forward
1 - 62% - 60% - 8:02
2 - 38% - 40% - 4:54
PK Defense
1 - 51% - 50% - 6:33
2 - 49% - 50% - 6:23
PK3 Forward
1 - 0% - 60%
2 - 0% - 40%
PK3 Defense
1 - 0% - 60%
2 - 0% - 40%
44 Forward
1 - 50% - 52% - 1:00
2 - 50% - 48% - 0:59
44 Defense
1 - 50% - 51% - 1:00
2 - 50% - 49% - 0:59
Last Minute Offensive  - 0:12
Last Minute Defensive  - 0:00
Total
Forward - 60:00
Defense - 60:00

% Time on Ice - Avalanche

Lines # - Real PCT - Wanted PCT - Time Play
Normal Forward
1 - 28% - 40% - 7:52
2 - 30% - 30% - 8:30
3 - 26% - 20% - 7:17
4 - 16% - 10% - 4:40
Normal Defense
1 - 33% - 40% - 9:24
2 - 39% - 30% - 10:58
3 - 27% - 20% - 7:46
4 - 1% - 10% - 0:11
PP Forward
1 - 59% - 60% - 7:37
2 - 41% - 40% - 5:19
PP Defense
1 - 63% - 60% - 8:06
2 - 37% - 40% - 4:50
PK Forward
1 - 65% - 60% - 9:57
2 - 35% - 40% - 5:20
PK Defense
1 - 51% - 60% - 7:51
2 - 49% - 40% - 7:26
PK3 Forward
1 - 97% - 60% - 1:15
2 - 3% - 40% - 0:02
PK3 Defense
1 - 84% - 60% - 1:05
2 - 16% - 40% - 0:12
44 Forward
1 - 56% - 60% - 1:07
2 - 44% - 40% - 0:52
44 Defense
1 - 56% - 60% - 1:07
2 - 44% - 40% - 0:52
Last Minute Offensive  - 0:00
Last Minute Defensive  - 0:12
Total
Forward - 60:00
Defense - 60:00

Play by Play

1st period


0:01 of 1st period - Mikko Koivu wins face-off versus Derek Stepan in neutral zone.
0:19 of 1st period - Shot by Nazem Kadri.
0:19 of 1st period - Deflect By Phil Kessel.
0:19 of 1st period - Stopped by Antti Niemi without a rebound.
0:20 of 1st period - Cody Hodgson wins face-off versus Corey Perry in Avalanche zone.
0:27 of 1st period - Shot by Chris Stewart.
0:27 of 1st period - Shot Misses the Net.
0:39 of 1st period - Shot by Corey Perry.
0:39 of 1st period - Shot Misses the Net.
1:03 of 1st period - Alex Pietrangelo is hit by Chris Stewart and loses puck.
1:19 of 1st period - Off-side.
1:20 of 1st period - Ryan OReilly wins face-off versus Derek Stepan in neutral zone.
1:20 of 1st period - Ryan OReilly is hit by Derek Stepan.
1:40 of 1st period - Scott Hartnell is hit by Johan Franzen and loses puck.
1:54 of 1st period - Johan Franzen is hit by Cam Fowler and loses puck.
2:03 of 1st period - Shot by Derek Stepan.
2:03 of 1st period - Stopped by Henrik Lundqvist without a rebound.
2:04 of 1st period - Mikko Koivu wins face-off versus Drew Shore in Canucks zone.
2:11 of 1st period - Shot by Matt Carle.
2:11 of 1st period - Stopped by Antti Niemi without a rebound.
2:12 of 1st period - Mikko Koivu wins face-off versus Drew Shore in Avalanche zone.
2:12 of 1st period - Phil Kessel is hit by Alexei Emelin and loses puck.
2:28 of 1st period - Brayden Schenn is hit by Erik Karlsson and loses puck.
2:33 of 1st period - Shot by Brayden Schenn.
2:33 of 1st period - Stopped by Henrik Lundqvist without a rebound.
2:34 of 1st period - Lars Eller wins face-off versus Kevin Porter in Canucks zone.
2:44 of 1st period - Minor Penalty to Jason Demers for High sticking.
2:45 of 1st period - Derek Stepan wins face-off versus Mikko Koivu in Avalanche zone.
3:08 of 1st period - Shot by Erik Karlsson.
3:08 of 1st period - Stopped by Antti Niemi with a rebound.
3:10 of 1st period - Shot by Erik Karlsson.
3:10 of 1st period - Shot Misses the Net.
3:12 of 1st period - Shot by Erik Karlsson.
3:12 of 1st period - Stopped by Antti Niemi without a rebound.
3:13 of 1st period - Joe Pavelski wins face-off versus Kevin Porter in Avalanche zone.
4:13 of 1st period - Icing by Joe Pavelski.
4:14 of 1st period - Joe Pavelski wins face-off versus Kevin Porter in Canucks zone.
4:14 of 1st period - Joe Pavelski is hit by Kevin Porter.
4:31 of 1st period - Off-side.
4:32 of 1st period - Mikko Koivu wins face-off versus Kevin Porter in neutral zone.
4:43 of 1st period - Shot by Phil Kessel.
4:43 of 1st period - Stopped by Antti Niemi with a rebound.
4:45 of 1st period - Shot by Alex Pietrangelo.
4:45 of 1st period - Stopped by Antti Niemi without a rebound.
4:46 of 1st period - Mikko Koivu wins face-off versus Cody Hodgson in Avalanche zone.
6:15 of 1st period - Shot by Derek Stepan.
6:15 of 1st period - Stopped by Henrik Lundqvist without a rebound.
6:16 of 1st period - Drew Shore wins face-off versus Tyler Seguin in Canucks zone.
6:19 of 1st period - Shot by Brian Gionta.
6:19 of 1st period - Stopped by Henrik Lundqvist without a rebound.
6:20 of 1st period - Ryan OReilly wins face-off versus Drew Shore in Canucks zone.
6:37 of 1st period - Double Minor Penalty to Scott Hartnell for Roughing.
6:38 of 1st period - Brandon Sutter wins face-off versus Derek Stepan in Canucks zone.
6:51 of 1st period - Shot by Derek Stepan.
6:51 of 1st period - Stopped by Henrik Lundqvist without a rebound.
6:52 of 1st period - Brandon Sutter wins face-off versus Cody Hodgson in Canucks zone.
6:56 of 1st period - Matt Carle is hit by Alexei Emelin.
7:04 of 1st period - Shot by Kevin Shattenkirk.
7:04 of 1st period - Stopped by Henrik Lundqvist without a rebound.
7:05 of 1st period - Derek Stepan wins face-off versus Brandon Sutter in Canucks zone.
7:12 of 1st period - Shot by John Carlson.
7:12 of 1st period - Stopped by Henrik Lundqvist without a rebound.
7:13 of 1st period - Derek Stepan wins face-off versus Brandon Sutter in Canucks zone.
8:44 of 1st period - Shot by Alexei Emelin.
8:44 of 1st period - Shot Blocked by Lars Eller.
9:57 of 1st period - Shot by Michael Del Zotto.
9:57 of 1st period - Shot Misses the Net.
9:59 of 1st period - Shot by Johan Franzen.
9:59 of 1st period - Stopped by Henrik Lundqvist with a rebound.
10:01 of 1st period - Shot by Derek Stepan.
10:01 of 1st period - Shot Misses the Net.
10:03 of 1st period - Shot by Johan Franzen.
10:03 of 1st period - Stopped by Henrik Lundqvist without a rebound.
10:04 of 1st period - Brandon Sutter wins face-off versus Brayden Schenn in Canucks zone.
10:21 of 1st period - Shot by Justin Abdelkader.
10:21 of 1st period - Deflect By Brayden Schenn.
10:21 of 1st period - Shot Misses the Net.
10:55 of 1st period - Shot by Mikko Koivu.
10:55 of 1st period - Shot Blocked by John Carlson.
11:02 of 1st period - Off-side.
11:03 of 1st period - Joe Pavelski wins face-off versus Kevin Porter in neutral zone.
12:19 of 1st period - Shot by Phil Kessel.
12:19 of 1st period - Shot Blocked by Marian Hossa.
12:29 of 1st period - Shot by Derek Stepan.
12:29 of 1st period - Stopped by Henrik Lundqvist without a rebound.
12:30 of 1st period - Cody Hodgson wins face-off versus Ryan OReilly in Canucks zone.
13:50 of 1st period - Minor Penalty to Alexei Emelin for Hooking.
13:51 of 1st period - Derek Stepan wins face-off versus Mikko Koivu in Avalanche zone.
14:02 of 1st period - Shot by Brian Gionta.
14:02 of 1st period - Stopped by Henrik Lundqvist without a rebound.
14:03 of 1st period - Derek Stepan wins face-off versus Mikko Koivu in Canucks zone.
15:27 of 1st period - Icing by Ryan OReilly.
15:28 of 1st period - Joe Pavelski wins face-off versus Derek Stepan in Canucks zone.
16:05 of 1st period - Brandon Sutter is hit by Chris Stewart and loses puck.
16:10 of 1st period - Minor Penalty to Chris Stewart for Delaying the game.
16:11 of 1st period - Derek Stepan wins face-off versus Mikko Koivu in Avalanche zone.
16:25 of 1st period - Icing by Mikko Koivu.
16:26 of 1st period - Mikko Koivu wins face-off versus Derek Stepan in Canucks zone.
16:26 of 1st period - Mikko Koivu is hit by Derek Stepan.
16:47 of 1st period - Shot by Erik Karlsson.
16:47 of 1st period - Stopped by Antti Niemi without a rebound.
16:48 of 1st period - Joe Pavelski wins face-off versus Derek Stepan in Avalanche zone.
17:03 of 1st period - Kevin Shattenkirk is hit by Corey Perry and loses puck.
17:50 of 1st period - Shot by Erik Karlsson.
17:50 of 1st period - Deflect By Mikko Koivu.
17:50 of 1st period - Shot Blocked by John Carlson.
17:52 of 1st period - Shot by Alex Pietrangelo.
17:52 of 1st period - Stopped by Antti Niemi without a rebound.
17:53 of 1st period - Derek Stepan wins face-off versus Mikko Koivu in Avalanche zone.
18:37 of 1st period - Shot by Ryan OReilly.
18:37 of 1st period - Shot Misses the Net.
18:39 of 1st period - Shot by Alex Pietrangelo.
18:39 of 1st period - Goal by Alex Pietrangelo - Canucks : 1 - Avalanche : 0.
18:40 of 1st period - Kevin Porter wins face-off versus Corey Perry in neutral zone.
19:09 of 1st period - Shot by Corey Perry.
19:09 of 1st period - Stopped by Antti Niemi without a rebound.
19:10 of 1st period - Derek Stepan wins face-off versus Mikko Koivu in Avalanche zone.
19:39 of 1st period - Shot by Derek Stepan.
19:39 of 1st period - Stopped by Henrik Lundqvist without a rebound.
19:40 of 1st period - Joe Pavelski wins face-off versus Drew Shore in Canucks zone.
19:55 of 1st period - Shot by Brayden Schenn.
19:55 of 1st period - Shot Misses the Net.

2nd period


0:01 of 2nd period - Mikko Koivu wins face-off versus Derek Stepan in neutral zone.
0:26 of 2nd period - Shot by Derek Stepan.
0:26 of 2nd period - Stopped by Henrik Lundqvist with a rebound.
0:29 of 2nd period - Icing by Matt Carle.
0:30 of 2nd period - Mikko Koivu wins face-off versus Drew Shore in Canucks zone.
0:30 of 2nd period - Mikko Koivu is hit by Brayden Schenn.
1:58 of 2nd period - Icing by Kevin Shattenkirk.
1:59 of 2nd period - Drew Shore wins face-off versus Ryan OReilly in Avalanche zone.
1:59 of 2nd period - Kevin Shattenkirk is hit by Scott Hartnell and loses puck.
2:00 of 2nd period - Minor Penalty to Scott Hartnell for High sticking.
2:01 of 2nd period - Brandon Sutter wins face-off versus Derek Stepan in Canucks zone.
2:33 of 2nd period - Shot by Johan Franzen.
2:33 of 2nd period - Stopped by Henrik Lundqvist without a rebound.
2:34 of 2nd period - Brandon Sutter wins face-off versus Cody Hodgson in Canucks zone.
3:01 of 2nd period - Michael Del Zotto is hit by Dmitry Kulikov and loses puck.
3:33 of 2nd period - Derek Stepan is hit by Dmitry Kulikov and loses puck.
3:36 of 2nd period - Shot by Kevin Shattenkirk.
3:36 of 2nd period - Shot Misses the Net.
4:25 of 2nd period - Off-side.
4:26 of 2nd period - Cody Hodgson wins face-off versus Brandon Sutter in neutral zone.
5:12 of 2nd period - Icing by Brandon Sutter.
5:13 of 2nd period - Brandon Sutter wins face-off versus Johan Franzen in Canucks zone.
5:38 of 2nd period - Shot by Tyler Seguin.
5:38 of 2nd period - Stopped by Antti Niemi without a rebound.
5:39 of 2nd period - Joe Pavelski wins face-off versus Drew Shore in Avalanche zone.
7:02 of 2nd period - Icing by Derek Stepan.
7:03 of 2nd period - Phil Kessel wins face-off versus Derek Stepan in Avalanche zone.
7:11 of 2nd period - Off-side.
7:12 of 2nd period - Mikko Koivu wins face-off versus Derek Stepan in neutral zone.
7:30 of 2nd period - Minor Penalty to John Carlson for Slashing.
7:31 of 2nd period - Derek Stepan wins face-off versus Joe Pavelski in Avalanche zone.
7:37 of 2nd period - Icing by Joe Pavelski.
7:38 of 2nd period - Derek Stepan wins face-off versus Joe Pavelski in Canucks zone.
8:55 of 2nd period - Shot by Phil Kessel.
8:55 of 2nd period - Shot Misses the Net.
8:57 of 2nd period - Shot by Mikko Koivu.
8:57 of 2nd period - Shot Misses the Net.
8:59 of 2nd period - Shot by Mikko Koivu.
8:59 of 2nd period - Stopped by Antti Niemi without a rebound.
9:00 of 2nd period - Derek Stepan wins face-off versus Phil Kessel in Avalanche zone.
9:06 of 2nd period - Icing by Alex Pietrangelo.
9:07 of 2nd period - Derek Stepan wins face-off versus Mikko Koivu in Canucks zone.
10:39 of 2nd period - Shot by Tyler Seguin.
10:39 of 2nd period - Shot Misses the Net.
11:03 of 2nd period - Shot by Tyler Seguin.
11:03 of 2nd period - Shot Misses the Net.
11:05 of 2nd period - Shot by Tyler Seguin.
11:05 of 2nd period - Shot Misses the Net.
11:24 of 2nd period - Drew Shore is hit by Dmitry Kulikov.
11:43 of 2nd period - Shot by Phil Kessel.
11:43 of 2nd period - Deflect By Nazem Kadri.
11:43 of 2nd period - Stopped by Antti Niemi without a rebound.
11:44 of 2nd period - Joe Pavelski wins face-off versus Cody Hodgson in Avalanche zone.
11:44 of 2nd period - Cam Fowler is hit by Alexei Emelin and loses puck.
12:08 of 2nd period - Minor Penalty to Cody Hodgson for Tripping.
12:09 of 2nd period - Derek Stepan wins face-off versus Mikko Koivu in Avalanche zone.
12:48 of 2nd period - Shot by Alex Pietrangelo.
12:48 of 2nd period - Shot Blocked by Alexei Emelin.
12:50 of 2nd period - Shot by Alex Pietrangelo.
12:50 of 2nd period - Shot Misses the Net.
13:08 of 2nd period - Shot by Ryan OReilly.
13:08 of 2nd period - Stopped by Antti Niemi with a rebound.
13:10 of 2nd period - Shot by Corey Perry.
13:10 of 2nd period - Deflect By Joe Pavelski.
13:10 of 2nd period - Stopped by Antti Niemi with a rebound.
13:12 of 2nd period - Shot by Matt Carle.
13:12 of 2nd period - Stopped by Antti Niemi without a rebound.
13:12 of 2nd period - Minor Penalty to Alexei Emelin for Goalie Interference.
13:13 of 2nd period - Joe Pavelski wins face-off versus Derek Stepan in Avalanche zone.
13:20 of 2nd period - Shot by Corey Perry.
13:20 of 2nd period - Shot Misses the Net.
13:22 of 2nd period - Shot by Cam Fowler.
13:22 of 2nd period - Shot Misses the Net.
13:49 of 2nd period - Shot by Matt Carle.
13:49 of 2nd period - Stopped by Antti Niemi without a rebound.
13:50 of 2nd period - Derek Stepan wins face-off versus Mikko Koivu in Avalanche zone.
14:03 of 2nd period - Shot by Alex Pietrangelo.
14:03 of 2nd period - Shot Blocked by Michael Del Zotto.
14:23 of 2nd period - Shot by Phil Kessel.
14:23 of 2nd period - Deflect By Mikko Koivu.
14:23 of 2nd period - Stopped by Antti Niemi without a rebound.
14:24 of 2nd period - Joe Pavelski wins face-off versus Derek Stepan in Avalanche zone.
14:31 of 2nd period - Shot by Cam Fowler.
14:31 of 2nd period - Shot Misses the Net.
14:46 of 2nd period - Icing by Corey Perry.
14:47 of 2nd period - Joe Pavelski wins face-off versus Kevin Porter in Canucks zone.
14:51 of 2nd period - Minor Penalty to Kevin Porter for Interference.
14:52 of 2nd period - Mikko Koivu wins face-off versus Derek Stepan in Avalanche zone.
15:27 of 2nd period - Shot by Nazem Kadri.
15:27 of 2nd period - Shot Misses the Net.
15:29 of 2nd period - Shot by Nazem Kadri.
15:29 of 2nd period - Deflect By Phil Kessel.
15:29 of 2nd period - Stopped by Antti Niemi without a rebound.
15:30 of 2nd period - Derek Stepan wins face-off versus Joe Pavelski in Avalanche zone.
15:38 of 2nd period - Off-side.
15:39 of 2nd period - Derek Stepan wins face-off versus Joe Pavelski in neutral zone.
15:39 of 2nd period - Derek Stepan is hit by Corey Perry.
16:19 of 2nd period - Shot by Ryan OReilly.
16:19 of 2nd period - Shot Blocked by Alexei Emelin.
16:21 of 2nd period - Shot by Matt Carle.
16:21 of 2nd period - Stopped by Antti Niemi without a rebound.
16:22 of 2nd period - Mikko Koivu wins face-off versus Derek Stepan in Avalanche zone.
16:31 of 2nd period - Shot by Nazem Kadri.
16:31 of 2nd period - Deflect By Mikko Koivu.
16:31 of 2nd period - Shot Misses the Net.
16:48 of 2nd period - Minor Penalty to Alexei Emelin for Tripping.
16:49 of 2nd period - Joe Pavelski wins face-off versus Derek Stepan in Avalanche zone.
17:21 of 2nd period - Shot by Corey Perry.
17:21 of 2nd period - Shot Misses the Net.
17:23 of 2nd period - Shot by Erik Karlsson.
17:23 of 2nd period - Stopped by Antti Niemi without a rebound.
17:24 of 2nd period - Kevin Porter wins face-off versus Mikko Koivu in Avalanche zone.
17:33 of 2nd period - Shot by Phil Kessel.
17:33 of 2nd period - Shot Misses the Net.
17:35 of 2nd period - Shot by Mikko Koivu.
17:35 of 2nd period - Shot Misses the Net.
17:37 of 2nd period - Shot by Matt Carle.
17:37 of 2nd period - Shot Misses the Net.
17:39 of 2nd period - Shot by Nazem Kadri.
17:39 of 2nd period - Shot Misses the Net.
18:08 of 2nd period - Nazem Kadri is hit by Michael Del Zotto and loses puck.
18:39 of 2nd period - Shot by Alex Pietrangelo.
18:39 of 2nd period - Stopped by Antti Niemi with a rebound.
18:41 of 2nd period - Shot by Alex Pietrangelo.
18:41 of 2nd period - Stopped by Antti Niemi with a rebound.
19:20 of 2nd period - Jonas Brodin is hit by Justin Abdelkader and loses puck.
19:35 of 2nd period - Travis Moen is hit by Nazem Kadri and loses puck.
19:39 of 2nd period - Alexei Emelin is hit by Nazem Kadri and loses puck.

3rd period


0:01 of 3rd period - Mikko Koivu wins face-off versus Derek Stepan in neutral zone.
0:10 of 3rd period - Shot by Marian Hossa.
0:10 of 3rd period - Shot Misses the Net.
0:18 of 3rd period - Shot by Marian Hossa.
0:18 of 3rd period - Shot Misses the Net.
0:20 of 3rd period - Shot by Derek Stepan.
0:20 of 3rd period - Shot Misses the Net.
0:22 of 3rd period - Shot by Marian Hossa.
0:22 of 3rd period - Stopped by Henrik Lundqvist with a rebound.
0:23 of 3rd period - Minor Penalty to Erik Karlsson for Cross-checking.
0:24 of 3rd period - Brandon Sutter wins face-off versus Cody Hodgson in Canucks zone.
0:40 of 3rd period - Shot by Chris Stewart.
0:40 of 3rd period - Shot Blocked by Brandon Sutter.
0:42 of 3rd period - Shot by Alexei Emelin.
0:42 of 3rd period - Stopped by Henrik Lundqvist without a rebound.
0:43 of 3rd period - Derek Stepan wins face-off versus Lars Eller in Canucks zone.
1:00 of 3rd period - Shot by Johan Franzen.
1:00 of 3rd period - Stopped by Henrik Lundqvist without a rebound.
1:01 of 3rd period - Cody Hodgson wins face-off versus Brandon Sutter in Canucks zone.
1:42 of 3rd period - Shot by Alexei Emelin.
1:42 of 3rd period - Shot Misses the Net.
1:44 of 3rd period - Shot by Alexei Emelin.
1:44 of 3rd period - Shot Misses the Net.
2:02 of 3rd period - Shot by Michael Del Zotto.
2:02 of 3rd period - Shot Misses the Net.
2:52 of 3rd period - Shot by Nazem Kadri.
2:52 of 3rd period - Shot Blocked by Jason Demers.
3:44 of 3rd period - Shot by Justin Abdelkader.
3:44 of 3rd period - Stopped by Henrik Lundqvist without a rebound.
3:45 of 3rd period - Joe Pavelski wins face-off versus Derek Stepan in Canucks zone.
3:47 of 3rd period - Icing by Jonas Brodin.
3:48 of 3rd period - Joe Pavelski wins face-off versus Derek Stepan in Canucks zone.
3:48 of 3rd period - Joe Pavelski is hit by Johan Franzen.
3:51 of 3rd period - Lars Eller is hit by Johan Franzen and loses puck.
3:55 of 3rd period - Minor Penalty to Cam Fowler for Holding.
3:56 of 3rd period - Brandon Sutter wins face-off versus Derek Stepan in Canucks zone.
4:45 of 3rd period - Icing by Derek Stepan.
4:46 of 3rd period - Brandon Sutter wins face-off versus Derek Stepan in Avalanche zone.
5:15 of 3rd period - Shot by Cody Hodgson.
5:15 of 3rd period - Shot Misses the Net.
5:17 of 3rd period - Shot by Cody Hodgson.
5:17 of 3rd period - Shot Misses the Net.
5:19 of 3rd period - Shot by Alexei Emelin.
5:19 of 3rd period - Shot Misses the Net.
5:21 of 3rd period - Shot by Kevin Shattenkirk.
5:21 of 3rd period - Shot Blocked by Dmitry Kulikov.
5:23 of 3rd period - Shot by Alexei Emelin.
5:23 of 3rd period - Stopped by Henrik Lundqvist without a rebound.
5:24 of 3rd period - Cody Hodgson wins face-off versus Ryan OReilly in Canucks zone.
5:33 of 3rd period - Shot by Marcus Johansson.
5:33 of 3rd period - Shot Misses the Net.
5:35 of 3rd period - Shot by Chris Stewart.
5:35 of 3rd period - Stopped by Henrik Lundqvist with a rebound.
5:37 of 3rd period - Shot by Cody Hodgson.
5:37 of 3rd period - Deflect By Marcus Johansson.
5:37 of 3rd period - Shot Misses the Net.
5:39 of 3rd period - Shot by Chris Stewart.
5:39 of 3rd period - Stopped by Henrik Lundqvist with a rebound.
5:41 of 3rd period - Shot by Alexei Emelin.
5:41 of 3rd period - Stopped by Henrik Lundqvist without a rebound.
5:42 of 3rd period - Derek Stepan wins face-off versus Brandon Sutter in Canucks zone.
6:10 of 3rd period - Brayden Schenn is hit by Justin Braun and loses puck.
6:21 of 3rd period - Shot by Brian Gionta.
6:21 of 3rd period - Stopped by Henrik Lundqvist without a rebound.
6:22 of 3rd period - Marcus Johansson wins face-off versus Ryan OReilly in Canucks zone.
6:22 of 3rd period - Cody Hodgson is hit by Jonas Brodin and loses puck.
6:32 of 3rd period - Marcus Johansson is hit by Cam Fowler and loses puck.
6:44 of 3rd period - Icing by Jonas Brodin.
6:45 of 3rd period - Derek Stepan wins face-off versus Tyler Seguin in Canucks zone.
6:46 of 3rd period - Shot by Marian Hossa.
6:46 of 3rd period - Stopped by Henrik Lundqvist with a rebound.
6:48 of 3rd period - Shot by Derek Stepan.
6:48 of 3rd period - Goal by Derek Stepan - Canucks : 1 - Avalanche : 1.
6:49 of 3rd period - Mikko Koivu wins face-off versus Derek Stepan in neutral zone.
6:49 of 3rd period - Mikko Koivu is hit by Derek Stepan.
6:50 of 3rd period - Minor Penalty to Johan Franzen for Boarding.
6:50 of 3rd period - Major / Game Misconduct Penalty to Nazem Kadri for Checking from behind.
6:50 of 3rd period - Nazem Kadri is ejected from game.
6:51 of 3rd period - Derek Stepan wins face-off versus Brandon Sutter in neutral zone.
6:51 of 3rd period - Derek Stepan is hit by Scott Hartnell.
6:57 of 3rd period - Marian Hossa is hit by Justin Braun and loses puck.
7:09 of 3rd period - Alex Pietrangelo is hit by Michael Del Zotto.
7:16 of 3rd period - Brandon Sutter is hit by John Carlson and loses puck.
7:33 of 3rd period - Icing by John Carlson.
7:34 of 3rd period - Derek Stepan wins face-off versus Lars Eller in Avalanche zone.
7:41 of 3rd period - Dmitry Kulikov is hit by Derek Stepan and loses puck.
8:00 of 3rd period - Icing by Dmitry Kulikov.
8:01 of 3rd period - Lars Eller wins face-off versus Chris Stewart in Canucks zone.
9:07 of 3rd period - Shot by Derek Stepan.
9:07 of 3rd period - Stopped by Henrik Lundqvist with a rebound.
9:09 of 3rd period - Shot by Michael Del Zotto.
9:09 of 3rd period - Shot Blocked by Alex Pietrangelo.
9:13 of 3rd period - Shot by Derek Stepan.
9:13 of 3rd period - Stopped by Henrik Lundqvist without a rebound.
9:14 of 3rd period - Cody Hodgson wins face-off versus Ryan OReilly in Canucks zone.
9:21 of 3rd period - Shot by Chris Stewart.
9:21 of 3rd period - Stopped by Henrik Lundqvist without a rebound.
9:22 of 3rd period - Ryan OReilly wins face-off versus Derek Stepan in Canucks zone.
10:59 of 3rd period - Lars Eller is hit by Derek Stepan and loses puck.
11:47 of 3rd period - Icing by Marian Hossa.
11:48 of 3rd period - Brandon Sutter wins face-off versus Derek Stepan in Avalanche zone.
11:51 of 3rd period - Shot by Phil Kessel.
11:51 of 3rd period - Shot Blocked by Jason Demers.
12:17 of 3rd period - Icing by Erik Karlsson.
12:18 of 3rd period - Mikko Koivu wins face-off versus Marcus Johansson in Canucks zone.
12:20 of 3rd period - Icing by Erik Karlsson.
12:21 of 3rd period - Cody Hodgson wins face-off versus Mikko Koivu in Canucks zone.
12:30 of 3rd period - Shot by Marcus Johansson.
12:30 of 3rd period - Goal by Marcus Johansson - Canucks : 1 - Avalanche : 2.
12:31 of 3rd period - Cody Hodgson wins face-off versus Joe Pavelski in neutral zone.
13:00 of 3rd period - Shot by Joe Pavelski.
13:00 of 3rd period - Shot Misses the Net.
13:34 of 3rd period - Alexei Emelin is hit by Valtteri Filppula and loses puck.
13:41 of 3rd period - Shot by Tyson Barrie.
13:41 of 3rd period - Shot Misses the Net.
13:49 of 3rd period - Shot by Brian Gionta.
13:49 of 3rd period - Shot Misses the Net.
14:05 of 3rd period - Tyson Barrie is hit by Valtteri Filppula and loses puck.
14:11 of 3rd period - Off-side.
14:12 of 3rd period - Scott Hartnell wins face-off versus Derek Stepan in neutral zone.
14:17 of 3rd period - Shot by Ryan OReilly.
14:17 of 3rd period - Deflect By Scott Hartnell.
14:17 of 3rd period - Stopped by Antti Niemi with a rebound.
14:38 of 3rd period - Marian Hossa is hit by Matt Carle and loses puck.
14:45 of 3rd period - Shot by Derek Stepan.
14:45 of 3rd period - Shot Misses the Net.
14:48 of 3rd period - Icing by Ryan OReilly.
14:49 of 3rd period - Ryan OReilly wins face-off versus Kevin Porter in Canucks zone.
14:49 of 3rd period - Ryan OReilly is hit by Kevin Porter.
14:55 of 3rd period - Shot by Tyler Seguin.
14:55 of 3rd period - Shot Misses the Net.
15:00 of 3rd period - Shot by Ryan OReilly.
15:00 of 3rd period - Stopped by Antti Niemi with a rebound.
15:02 of 3rd period - Shot by Tyler Seguin.
15:02 of 3rd period - Shot Misses the Net.
15:18 of 3rd period - Shot by Corey Perry.
15:18 of 3rd period - Shot Misses the Net.
15:45 of 3rd period - Jason Demers is hit by Dmitry Kulikov.
15:58 of 3rd period - Johan Franzen is hit by Dmitry Kulikov and loses puck.
16:04 of 3rd period - Icing by Joe Pavelski.
16:05 of 3rd period - Chris Stewart wins face-off versus Joe Pavelski in Canucks zone.
16:05 of 3rd period - Tyson Barrie is hit by Dmitry Kulikov and loses puck.
16:38 of 3rd period - Shot by Cody Hodgson.
16:38 of 3rd period - Stopped by Henrik Lundqvist without a rebound.
16:39 of 3rd period - Scott Hartnell wins face-off versus Derek Stepan in Canucks zone.
16:46 of 3rd period - Shot by Marian Hossa.
16:46 of 3rd period - Stopped by Henrik Lundqvist without a rebound.
16:47 of 3rd period - Ryan OReilly wins face-off versus Derek Stepan in Canucks zone.
16:47 of 3rd period - Ryan OReilly is hit by Johan Franzen.
17:09 of 3rd period - Shot by Johan Franzen.
17:09 of 3rd period - Shot Misses the Net.
17:18 of 3rd period - Shot by Marian Hossa.
17:18 of 3rd period - Shot Blocked by Ryan OReilly.
17:20 of 3rd period - Shot by John Carlson.
17:20 of 3rd period - Stopped by Henrik Lundqvist without a rebound.
17:21 of 3rd period - Cody Hodgson wins face-off versus Mikko Koivu in Canucks zone.
17:40 of 3rd period - Shot by Chris Stewart.
17:40 of 3rd period - Shot Misses the Net.
17:48 of 3rd period - Minor Penalty to Chris Stewart for Roughing.
17:49 of 3rd period - Ryan OReilly wins face-off versus Derek Stepan in Avalanche zone.
19:00 of 3rd period - Canucks, Henrik Lundqvist is pulled from the net.
19:06 of 3rd period - Shot by Erik Karlsson.
19:06 of 3rd period - Stopped by Antti Niemi without a rebound.
19:07 of 3rd period - Derek Stepan wins face-off versus Mikko Koivu in Avalanche zone.
19:29 of 3rd period - Alex Pietrangelo is hit by Kevin Porter and loses puck.
19:45 of 3rd period - Shot by Alex Pietrangelo.
19:45 of 3rd period - Shot Misses the Net.


Output by the SimonT Hockey Simulator (STHS) for Stephane Roy -- Original Page W3C XHTML 1.0 Valid
Hockey Simulator - Hockey Simulation - Hockey Manager